Unix NetHack Version 5.0.0-0 post-release - last build Jul 19 2026 19:10:59 (3aa4ab31751d3886436d94b585a96704892fd477,branch:main).

Game began 2026-07-28 03:34:16, ended 2026-07-29 19:00:20.

Jamofthetoe, lawful female dwarven Valkyrie

                           ......}}}..........................................
                             ....}}}..........................................
                                .}}}..........................................
                                  .....................{......................
                                     ......................}}}................
                                       ..................}.}}}................
                                          ...............}.}}}................
                                            ...............}}}................
                                             -................................
                                             |................................
 ...                                         |................................
 .........                                   .................................
 ........}}}}..                              |..............}}}...............
 ........}}}}.......                         |..............}}}...............
 ........}}}}...........@.  ------------------..............}}}....}}}........
 ...............}}}.......}}}......................}}}.............}}}........
 ...............}}}.......}}}....}}}...............}}}.............}}}........
 ...............}}}..}}}..}}}....}}}..............%}}}`.......................
 ....................}}}..}}}....}}}..............@.................^.........
 .}}}................}}}..........................`...........................
 .}}}.........................................................................
Jamofthetoe the Woman-at-arms  St:18/05 Dx:11 Co:20 In:7 Wi:10 Ch:9  Lawful
Home 1 $:0  HP:0(112) Pw:16(16) AC:-7 Xp:10 T:9638  Satiated

Latest messages:
 You're having a hard time getting all of it down.
 You stop eating the fire giant corpse.
 The fire giant hits!
 You hit the fire giant!
 You hit the fire giant!
 The fire giant misses!
 You hit the fire giant!
 The fire giant hits!
 The fire giant knocks you backward with a forceful strike!
 There is solid ice here.
 You see here a partly eaten fire giant corpse.
 You hit the fire giant!
 The fire giant misses!
 You hit the fire giant!
 You kill the fire giant!
 With great effort you move the boulder.
 There is solid ice here.
 You see here a partly eaten fire giant corpse.
 There is a partly eaten fire giant corpse here; eat it? [ynq] (n) y
 You resume your meal.
 You're having a hard time getting all of it down.
 You're finally finished.
 You feel very strong!
 There is a fire giant corpse here; eat it? [ynq] (n) y
 This fire giant corpse tastes terrible!
 You're having a hard time getting all of it down.
 Continue eating? [yn] (n) y
 You stop eating the fire giant corpse.
 There is a partly eaten fire giant corpse here; eat it? [ynq] (n) y
 You resume your meal.
 You're having a hard time getting all of it down.
 Continue eating? [yn] (n) y
 The fire ant bites!
 You stop eating the fire giant corpse.
 The fire ant misses!
 You hit the fire ant!
 The fire ant bites!
 The fire ant misses!
 You hit the fire ant!
 The fire ant misses!
 The fire ant misses!
 You kill the fire ant!
 There is a partly eaten fire giant corpse here; eat it? [ynq] (n) y
 You resume your meal.
 You're having a hard time getting all of it down.
 Continue eating? [yn] (n) y
 You choke over your food.
 You die...
 Do you want your possessions identified? [ynq] (y) y
 Do you want to see your attributes? [ynq] (y) q

Inventory:
 Amulets  ('"')
  U - an uncursed amulet versus poison (being worn)
 Weapons  (')')
  a - a rusty corroded +1 dwarvish spear (weapon in right hand)
 Armor    ('[')
  t - an uncursed +0 orcish helm (being worn)
  c - an uncursed +3 small shield (being worn)
  m - an uncursed +0 cloak of displacement (being worn)
  j - an uncursed +4 crystal plate mail (being worn)
 Rings    ('=')
  D - an uncursed +1 ring of increase damage (on right hand)
  F - an uncursed ring of slow digestion
 Tools    ('(')
  o - a blessed bag of holding containing 49 items
  w - an uncursed mirror
  I - an uncursed oil lamp
  p - an uncursed skeleton key
  J - a +0 unicorn horn
 Gems/Stones  ('*')
  x - 4 uncursed citrine stones
  v - 6 uncursed worthless pieces of violet glass

Contents of the bag of holding:
  5771 gold pieces
  a +0 dagger
  a cursed -5 elven short sword
  an uncursed +0 elven leather helm
  a cursed +0 pair of iron shoes
  an uncursed +0 mummy wrapping
  9 uncursed food rations
  2 uncursed tins of iguana meat
  an uncursed tin of newt meat
  an uncursed tin of spinach
  an uncursed scroll of blank paper
  a cursed scroll of blank paper
  an uncursed scroll of create monster
  an uncursed scroll of destroy armor
  a blessed scroll of earth
  an uncursed scroll of earth
  an uncursed scroll of enchant armor
  a cursed scroll of enchant weapon
  an uncursed scroll of fire
  an uncursed scroll of gold detection
  an uncursed scroll of light
  2 uncursed scrolls of magic mapping
  a cursed scroll of magic mapping
  a blessed scroll of remove curse
  an uncursed scroll of remove curse
  a cursed scroll of remove curse
  an uncursed scroll of teleportation
  an uncursed potion of invisibility
  an uncursed potion of monster detection
  an uncursed potion of sickness
  an uncursed ring of conflict
  an uncursed ring of fire resistance
  an uncursed ring of polymorph control
  an uncursed ring of teleport control
  an uncursed ring of warning
  a wand of speed monster (0:8)
  a wand of speed monster (0:5)
  a wand of speed monster (0:4)
  a wand of striking (0:6)
  a wand of striking (0:3)
  an uncursed bugle
  a cursed stethoscope
  an uncursed garnet stone
  an uncursed jade stone
  an uncursed turquoise stone
  2 uncursed worthless pieces of green glass
  3 uncursed worthless pieces of white glass
  an uncursed worthless piece of yellow glass
  2 uncursed worthless pieces of yellowish brown glass

Jamofthetoe the Valkyrie's attributes:

Background:
 You were a Woman-at-arms, a level 10 dwarven Valkyrie.
 You were lawful, on a mission for Tyr
 who was opposed by Odin (neutral) and Loki (chaotic).
 You were right-handed.
 You were in the Quest, on level 1.
 You entered the dungeon 9638 turns ago.
 There was a full moon in effect when your adventure ended.
 You had 6464 experience points, 3536 more were needed to attain level 11.

Basics:
 You had 0 out of 112 hit points.
 You had all 16 energy points (spell power).
 Your armor class was -7.
 Your wallet was empty, but
 you had 5771 zorkmids stashed away in your pack.
 Autopickup was on for '$?!/(=' plus thrown, with exceptions.

Final Characteristics:
 Your strength was 18/05 (limit:18/100).
 Your dexterity was 11 (peak:12, limit:20).
 Your constitution was 20 (limit:20).
 Your intelligence was 7 (limit:16).
 Your wisdom was 10 (limit:16).
 Your charisma was 9 (limit:16).

Final Status:
 You were satiated.
 You were unencumbered.
 You were wielding a spear.
 You had expert skill with spear.

Final Attributes:
 You were piously aligned.
 You were cold resistant.
 You were sleep resistant.
 You were poison resistant.
 You were telepathic.
 You had infravision.
 You were displaced.
 You were stealthy.
 You had teleport control.
 You had a small damage bonus (+1).
 You were guarded.
 You were fast.
 You were lucky.
 You are dead.

Miscellaneous:
 You didn't encounter any bones levels.
 Total elapsed playing time was 2 hours and 24 minutes.

Major events:
 Turn
    1: Jamofthetoe the lawful dwarven Valkyrie entered the dungeon
  857: attained the rank of Skirmisher (level 3)
 1066: entered the Gnomish Mines
 1592: reached Mine Town
 2845: attained the rank of Fighter (level 6)
 4016: entered Sokoban
 4271: completed 1st Sokoban level
 4617: completed 2nd Sokoban level
 4864: completed 3rd Sokoban level
 5693: completed 4th Sokoban level
 5849: acquired the Sokoban bag of holding
 8550: attained the rank of Woman-at-arms (level 10)
 9541: entered Home 1, the Quest
 9638: choked on a fire giant corpse

Spells:
 Name                 Level Category     Fail Retention
 cause fear             3   enchantment  100%   51%-75%
 light                  1   divination    84%  76%-100%

Skills:
 Fighting Skills
   bare handed combat [Unskilled]
   two weapon combat  [Unskilled]
   riding             [Unskilled]
 Weapon Skills
   dagger             [Basic]
   axe                [Unskilled]
   pick-axe           [Unskilled]
   short sword        [Unskilled]
   broadsword         [Unskilled]
   long sword         [Unskilled]
   two-handed sword   [Unskilled]
   saber              [Unskilled]
   hammer             [Unskilled]
   quarterstaff       [Unskilled]
   polearms           [Unskilled]
   spear              [Expert]
   trident            [Unskilled]
   lance              [Unskilled]
   sling              [Unskilled]
 Spellcasting Skills
   attack spells      [Unskilled]
   escape spells      [Unskilled]

Voluntary challenges:
 Character rerolling was not enabled.
 You never genocided any monsters.
 You never polymorphed an object.
 You never changed form.
 You used no wishes.
 You violated the special Sokoban rules once.
Achievements:
 You entered a shop.
 You attained the rank of Skirmisher.
 You entered the Gnomish Mines.
 You entered Minetown.
 You entered a temple.
 You attained the rank of Fighter.
 You entered Sokoban.
 You completed Sokoban.
 You attained the rank of Woman-at-arms.

 The Dungeons of Doom: levels 1 to 17
    Level 1:
       A fountain, a sink.
    Level 2:
       A food shop.
    Level 3:
    Level 4:
       An armor shop, a fountain.
       Stairs down to The Gnomish Mines.
    Level 5:
       Many fountains.
       Oracle of Delphi.
    Level 6: "altar"
       An altar, a grave.
       Stairs up to Sokoban, level 5.
    Level 7:
    Level 8: "fountain"
       A fountain.
    Level 9:
       Many fountains.
    Level 10:
       A sink.
    Level 11:
       Summoned by the Norn.
       Portal to The Quest.
    Level 12:
       A fountain.
    Level 13:
       A sink.
    Level 14:
       Many graves.
    Level 15:
       A fountain.
    Level 16:
    Level 17:
       A fountain, a grave.
 The Gnomish Mines: levels 5 to 8
    Level 5:
    Level 6:
    Level 7:
    Level 8:
       Many shops, a temple and an altar, some fountains.
 The Quest:
    Level 1: <- You were here.
       A fountain.
       Home.
       Final resting place for
          you, choked on a fire giant corpse.
 Sokoban: levels 5 up to 2
    Level 2:
       Solved.
    Level 3:
       Solved.
    Level 4:
       Solved.
    Level 5:
       Solved.


Vanquished creatures:
  a purple worm
  a lurker above
  a vampire
  3 ghosts
  a giant mimic
  2 fire giants
  a wumpus
 an elf-noble
  2 small mimics
 an ogre leader
  a gelatinous cube
  a large cat
  a tiger
  a gargoyle
  a tengu
  a leocrotta
  a human mummy
  a pit viper
  3 wraiths
  2 ettin zombies
  3 Grey-elves
  3 chameleons
  a crocodile
  a giant beetle
  2 quivering blobs
  a cockatrice
  4 winter wolf cubs
  2 leprechauns
 an iron piercer
  2 giant spiders
  3 scorpions
  a horse
  a black light
  2 vampire bats
  2 owlbears
  3 yetis
  a gold golem
  2 Green-elves
  a giant eel
  3 lizards
  a chickatrice
  a dingo
  a black unicorn
  2 dust vortices
  a raven
  2 gnome mummies
  a snake
  2 apes
  4 human zombies
  a Woodland-elf
  a soldier ant
  9 fire ants
  a quasit
  a wood nymph
  2 mountain nymphs
  4 Mordor orcs
  6 Uruk-hai
 an orc shaman
  2 rock piercers
  a rock mole
  a pony
  a fog cloud
  a yellow light
  2 shriekers
  2 violet fungi
  a gnome leader
  a gnomish wizard
  2 elf zombies
  a ghoul
  2 straw golems
  a paper golem
  9 giant ants
  a little dog
  a floating eye
  3 kittens
  5 dwarves
  3 homunculi
  a kobold leader
  4 hill orcs
  3 rothes
  a rabid rat
  a centipede
  a giant bat
  2 dwarf zombies
  a wererat
  2 iguanas
 10 killer bees
  3 acid blobs
  4 coyotes
  a hobbit
  a hobgoblin
  2 giant rats
  6 cave spiders
  3 brown molds
  2 yellow molds
  a green mold
  a red mold
 11 gnomes
 13 garter snakes
  2 gnome zombies
  2 geckos
  3 jackals
  3 foxes
  2 kobolds
  2 goblins
  7 sewer rats
  6 grid bugs
  a bat
  8 lichens
  3 kobold zombies
  4 newts
264 creatures vanquished.

No species were genocided or became extinct.

Game over:
                       ----------
                      /          \
                     /    REST    \
                    /      IN      \
                   /     PEACE      \
                  /                  \
                  |   Jamofthetoe    |
                  |     5771 Au      |
                  | choked on a fire |
                  |   giant corpse   |
                  |                  |
                  |                  |
                  |       2026       |
                 *|     *  *  *      | *
        _________)/\\_//(\/(/\)/\//\/|_)_______

Farvel Jamofthetoe the Valkyrie...

You choked in The Quest on dungeon level 1 with 38266 points,
and 5771 pieces of gold, after 9638 moves.
You were level 10 with a maximum of 112 hit points when you choked.

